 Dungeon Crawl Stone Soup version 0.23-a0-38-g6d804a8 (webtiles) character file.

14 Amnesiac the Conjurer (level 2, -6/19 HPs)
             Began as a Mummy Conjurer on Aug 5, 2018.
             Shot with an arrow by a centaur (9 damage)
             ... on level 4 of the Dungeon.
             The game lasted 00:01:18 (553 turns).

Amnesiac the Conjurer (Mummy Conjurer)               Turns: 553, Time: 00:01:19

Health: -6/19      AC:  2    Str: 11    XL:     2   Next: 27%
Magic:  4/6        EV: 12    Int: 14    God:
Gold:   7          SH:  0    Dex: 12    Spells: 4/7 levels left

rFire    x . .     SeeInvis .   (no weapon)
rCold    + . .     Gourm    .   (no shield)
rNeg     + + +     Faith    .   a - +0 robe
rPois    ∞         Spirit   .   (no helmet)
rElec    .         Reflect  .   (no cloak)
rCorr    .         Harm     .   (no gloves)
MR       .....                  (no boots)
Stlth    ++........             (no amulet)
HPRegen  0.06/turn              (no ring)
MPRegen  0.10/turn              (no ring)

@: no status effects
A: no food or potions, fire vulnerability, cold resistance 1, negative energy
resistance 3, torment resistance, unbreathing
a: no special abilities


You were on level 4 of the Dungeon.
You were not hungry.

You visited 1 branch of the dungeon, and saw 4 of its levels.

You collected 7 gold pieces.

Inventory:

Armour
 a - a +0 robe (worn)


   Skills:
 - Level 1.5 Dodging
 - Level 1.5 Stealth
 + Level 3.4 Spellcasting
 * Level 3.5 Conjurations


You had 4 spell levels left.
You knew the following spells:

 Your Spells              Type           Power        Failure   Level  Hunger
a - Magic Dart            Conj           ##..         4%          1    N/A
d - Searing Ray           Conj           ##....       8%          2    N/A

Your spell library contained the following spells:

 Spells                   Type           Power        Failure   Level  Hunger
 Iskenderun's Mystic Bla  Conj           ##......     43%         4    N/A
 Fulminant Prism          Conj/Hex       #.........   69%         4    N/A
 Dazzling Spray           Conj/Hex       #.....       30%         3    N/A
 Force Lance              Conj/Tloc      #.......     69%         4    N/A

Dungeon Overview and Level Annotations

Branches:
Dungeon (4/15)
 Temple: D:4-7

Altars:


Innate Abilities, Weirdness & Mutations

You do not eat or drink.
Your flesh is vulnerable to fire.
You are immune to poison.
Your flesh is cold resistant. (rC+)
You are immune to negative energy. (rN+++)
You are immune to unholy pain and torment.
You can survive without breathing.


Message History

Magic restored.
You start resting.
Magic restored.
A bat comes into view.
A bat is nearby!
A bat is nearby!
Casting: Magic Dart (safe; 4% risk of failure)
Confirm with . or Enter, or press ? or * to list all spells.
Aiming: Magic Dart (safe; 4% risk of failure)
Press: ? - help, Shift-Dir - straight line, f - bat
Aim: a bat (resting)
The magic dart hits the bat.
You kill the bat!
Casting: Magic Dart (safe; 4% risk of failure)
Confirm with . or Enter, or press ? or * to list all spells.
You can't see any susceptible monsters within range! (Use Z to cast anyway.)
Casting: Magic Dart (safe; 4% risk of failure)
Confirm with . or Enter, or press ? or * to list all spells.
You can't see any susceptible monsters within range! (Use Z to cast anyway.)
Casting: Magic Dart (safe; 4% risk of failure)
Confirm with . or Enter, or press ? or * to list all spells.
You can't see any susceptible monsters within range! (Use Z to cast anyway.)
Found a falchion.
Found a stone staircase leading down.
There is a stone staircase leading down here.
HP restored.
A kobold comes into view.
The kobold shouts!
The kobold moves out of view.
There is a stone staircase leading down here.
You climb downwards.
There is a stone staircase leading up here.
Casting: Magic Dart (safe; 4% risk of failure)
Confirm with . or Enter, or press ? or * to list all spells.
You can't see any susceptible monsters within range! (Use Z to cast anyway.)
Casting: Magic Dart (safe; 4% risk of failure)
Confirm with . or Enter, or press ? or * to list all spells.
You can't see any susceptible monsters within range! (Use Z to cast anyway.)
Casting: Magic Dart (safe; 4% risk of failure)
Confirm with . or Enter, or press ? or * to list all spells.
Aiming: Searing Ray (safe; 8% risk of failure)
Press: ? - help, Shift-Dir - straight line, f - iguana
Aim: an iguana The searing ray hits the iguana.
The iguana is lightly wounded. (Press . to maintain the ray.)
The searing ray misses the iguana.
The searing ray hits the iguana.
The iguana is heavily wounded.
The searing ray misses the iguana.
The searing ray hits the orc.
You kill the orc!
You finish channeling your searing ray.
The iguana bites you. The iguana bites you!
Ouch! That really hurt!
* * * LOW HITPOINT WARNING * * *
The iguana closely misses you.
There is a stone staircase leading up here.
You aren't carrying any scrolls.
Unknown command.
A centaur comes into view.
The centaur moves out of view.
Found a bubbling emerald potion.
The centaur wields a shortbow.
The centaur shoots an arrow.
The arrow hits you!
You die...

.. #. .. #.
... #.###
#.. #...#
...
#.!.##.#
#......##c.
#.@........
#...######
#.l.# #...#
#...# #.###
#.# #.#
##.#


You could see a centaur and an iguana.

Vanquished Creatures
  An orc (D:4)
  A bat (D:3)
  A giant cockroach (D:4)
  A goblin (D:1)
  3 hobgoblins
  A kobold (D:2)
  A quokka (D:3)
  A rat (D:2)
10 creatures vanquished.

Notes
Turn   | Place    | Note
-------+----------+-------------------------------------------
     0 | D:1      | Amnesiac the Mummy Conjurer began the quest for the Orb.
     0 | D:1      | Reached XP level 1. HP: 13/13 MP: 4/4
   261 | D:4      | Reached XP level 2. HP: 14/19 MP: 0/6
   314 | D:4      | Learned a level 2 spell: Searing Ray
   548 | D:4      | Noticed a centaur
   553 | D:4      | Shot with an arrow by a centaur

Vault maps used:
D:1:      sevenhm_arrival_forest_fort_small_4, nrook_uturn
D:2:      first_ration, minmay_heptomino_d4
D:3:      nicolae_overflow_crystal_walls, grunt_qazlal_clouds
D:4:      nicolae_overflow_hidden_temple, nicolae_gozag_seed_capital

Skill      XL: |  1 |
---------------+----+-----
Spellcasting   | 3 |  3.4
Dodging        | |  1.5
Stealth        | |  1.5
Conjurations   | |  3.5

Action                   || total
-------------------------++-------
Melee: Unarmed           ||    13
 Cast: Magic Dart        ||    21
       Searing Ray       ||     2
Armor: Robe              ||     7
Dodge: Dodged            ||     8

Table legend:
 A = Spawn XP
 B = Non-spawn XP
 C = Spawn XP percentage of total XP
 D = Spawn monster count
 E = Non-spawn monster count
 F = Spawn count percentage of total count
 G = Total turns spent on level
                    A         B        C        D         E        F      G
               +---------+---------+-------+---------+---------+-------+---------
         Total |       0 |      20 |   0.0 |       0 |      10 |   0.0 |   553
               +---------+---------+-------+---------+---------+-------+---------
           D:1 |       0 |       6 |   0.0 |       0 |       3 |   0.0 |    92
           D:2 |       0 |       3 |   0.0 |       0 |       2 |   0.0 |    88
           D:3 |       0 |       6 |   0.0 |       0 |       3 |   0.0 |   262
           D:4 |       0 |       5 |   0.0 |       0 |       2 |   0.0 |   111
               +---------+---------+-------+---------+---------+-------+---------
